 Dungeon Sprint DCSS version 0.30-a0-1043-g60ff8d5f49 (webtiles) character file.

Game seed: 15866652909432236654

604 Danienth the Cleaver (level 7, -7/117 HPs)
             Began as an Ogre Gladiator on Apr 9, 2023.
             Was an Initiate of Makhleb.
             Mangled by a centaur warrior (10 damage)
             ... in the Dungeon (Sprint I: "Red Sonja").
             The game lasted 00:09:05 (304 turns).

Danienth the Cleaver (Ogre Gladiator)                Turns: 304, Time: 00:09:06

Health: -7/117     AC:  3    Str: 21    XL:     7   Next: 42%
Magic:  7/7        EV: 12    Int:  9    God:    Makhleb [......]
Gold:   305        SH:  0    Dex: 10    Spells: 6/6 levels left

rFire   . . .      SeeInvis .    a - +0 war axe
rCold   . . .      Faith    .    (no shield)
rNeg    . . .      Spirit   .    b - +0 robe
rPois   .          Reflect  .    c - +0 hat
rElec   .          Rampage  .    (no cloak)
rCorr   .          NoTele   +    (gloves unavailable)
Will    .....                    (boots unavailable) Stlth
                                 (no amulet)
HPRegen 0.39/turn                (no ring)
MPRegen 0.10/turn                (no ring)

@: berserking, very quick
A: large, unfitting armour, tough skin 1
a: Renounce Religion


You were in the Dungeon.
You worshipped Makhleb.
Makhleb was noncommittal.
You visited 1 branch You collected 305 gold pieces.

Inventory:

Hand Weapons
 a - a +0 war axe (weapon)
 h - a +0 giant club
Armour
 b - a +0 robe (worn)
 c - a +0 hat (worn)
Wands
 d - a wand of paralysis (4)
Scrolls
 k - a scroll of blinking
Potions
 i - 2 potions of magic


   Skills:
 + Level 7.5 Fighting
 + Level 10.6 Axes
 + Level 5.5 Throwing
 + Level 7.7 Dodging
 + Level 3.4 Stealth
 + Level 1.1 Evocations


You had 6 spell levels left.
You didn't know any spells.
Your spell library was empty.

Dungeon Overview and Level Annotations

Branches:
Dungeon (1/1)

Altars:
Cheibriados
Dithmenos
Elyvilon
Fedhas
Gozag
Hepliaklqana
Kikubaaqudgha
Makhleb
Nemelex Xobeh
Okawaru
Qazlal
Ru
Sif Muna
Trog
Uskayaw
Vehumet
Wu Jian
Xom
Yredelemnul
Zin
The Shining One
Jiyva
Lugonu

Shops:
D [

Annotations:
D Sonja


Innate Abilities, Weirdness & Mutations

You are too large for most types of armour.
You have tough skin. (AC +1)


Message History

You see here 5 stones.
The centaur warrior shoots an arrow.
The arrow hits you!!
* * * LOW HITPOINT WARNING * * *
There is an open door, spattered with blood here.
The centaur warrior shoots an arrow.
The arrow barely misses you.
You close the door.
Blink to where?
Press: ? - help, Dir - move target
Okay, then.
A centaur warrior opens the door.
It is wielding a +0 shortbow.
There is an open door here.
You feel better.
The centaur warrior unwields a +0 shortbow.
The centaur warrior misses you.
The centaur warrior kicks you but does no damage.
A red film seems to cover your vision as you go berserk!
You feel yourself moving faster!
You feel mighty! The centaur warrior hits you!
* * * LOW HITPOINT WARNING * * *
The centaur warrior kicks you but does no damage.
The centaur warrior hits you.
* * * LOW HITPOINT WARNING * * *
The centaur warrior kicks you.
* * * LOW HITPOINT WARNING * * *
You slice the centaur warrior!!
The centaur warrior is heavily wounded.
The centaur warrior hits you!
* * * LOW HITPOINT WARNING * * *
The centaur warrior kicks you.
* * * LOW HITPOINT WARNING * * *
You closely miss the centaur warrior.
The centaur warrior is heavily wounded.
The centaur warrior hits you.
* * * LOW HITPOINT WARNING * * *
The centaur warrior misses you.
You hit the centaur warrior.
The centaur warrior is heavily wounded.
You slash the centaur warrior!
The centaur warrior is severely wounded.
The centaur warrior hits you!
You die...

###################
#<.#..'†.#.@c..#__#
#..').#..').#..'..+
#..#####'#####'#__#
#..####..#...#(####§$#
#..#__####..##.#§§~.c#
#..#_____##'#_.'§~c§.+
#⌠⌠#_.∩..†'..._#§§§.c#
####_..__##_.#'##+####
#_____###+#)#


You could see a centaur warrior.

Vanquished Creatures
  Sigmund (D)
  A slime creature (D)
  A yak (D)
  An ogre (D)
  A jelly (D)
  Ijyb (D)
6 creatures vanquished.

Notes
Turn   | Place    | Note
-------+----------+-------------------------------------------
     0 | D        | Danienth the Ogre Gladiator began the quest for the Orb.
     0 | D        | Reached XP level 1. HP: 22/22 MP: 1/1
     4 | D        | Noticed Ijyb
     7 | D        | Paralysed by Ijyb for 3 turns
    15 | D        | Paralysed by Ijyb for 5 turns
    22 | D        | Killed Ijyb
    23 | D        | Reached skill level 4 in Axes
    23 | D        | Reached XP level 2. HP: 25/31 MP: 2/2
    23 | D        | Reached XP level 3. HP: 30/37 MP: 3/3
    52 | D        | Noticed an ogre
    58 | D        | Killed an ogre
    59 | D        | Reached skill level 6 in Axes
    59 | D        | Reached skill level 5 in Dodging
    59 | D        | Reached XP level 4. HP: 31/49 MP: 4/4
   109 | D        | Noticed Sigmund
   114 | D        | Killed Sigmund
   115 | D        | Reached skill level 8 in Axes
   115 | D        | Reached XP level 5. HP: 51/59 MP: 5/5
   115 | D        | Reached XP level 6. HP: 58/67 MP: 6/6
   128 | D        | Found a burning altar of Makhleb.
   128 | D        | Found a viscous altar of Jiyva.
   128 | D        | Found a shimmering altar of Xom.
   128 | D        | Found a corrupted altar of Lugonu.
   128 | D        | Noticed a slime creature
   142 | D        | Killed a slime creature
   143 | D        | Reached skill level 9 in Axes
   143 | D        | Reached skill level 5 in Throwing
   143 | D        | Reached skill level 1 in Evocations
   147 | D        | Became a worshipper of Makhleb the Destroyer
   233 | D        | Found an ornate altar of the Wu Jian Council.
   233 | D        | Found a shimmering blue altar of Sif Muna.
   235 | D        | Found a radiant altar of Vehumet.
   237 | D        | Reached XP level 7. HP: 78/78 MP: 7/7
   259 | D        | Found Dayfokusieg's Armour Emporium.
   259 | D        | Found an ancient bone altar of Kikubaaqudgha.
   259 | D        | Found a hazy altar of Hepliaklqana.
   259 | D        | Found a hide-covered altar of Uskayaw.
   259 | D        | Found a basalt altar of Yredelemnul.
   259 | D        | Found an opulent altar of Gozag.
   259 | D        | Found a snail-covered altar of Cheibriados.
   259 | D        | Found a sacrificial altar of Ru.
   259 | D        | Found a shadowy altar of Dithmenos.
   259 | D        | Noticed a yak
   260 | D        | Found a stormy altar of Qazlal.
   260 | D        | Found a blossoming altar of Fedhas.
   260 | D        | Found a bloodstained altar of Trog.
   260 | D        | Found an iron altar of Okawaru.
   260 | D        | Found a glowing golden altar of the Shining One.
   260 | D        | Found a glowing silver altar of Zin.
   260 | D        | Found a white marble altar of Elyvilon.
   266 | D        | Killed a yak
   267 | D        | Reached skill level 10 in Axes
   267 | D        | Found a sparkling altar of Nemelex Xobeh.
   277 | D        | Noticed Sonja
   286 | D        | Noticed a centaur warrior
   286 | D        | Noticed a centaur warrior
   302 | D        | HP: 3/117 [centaur warrior (4)]
   304 | D        | Mangled by a centaur warrior

Illustrated notes

Levels and vault maps discovered:
D:        dungeon_sprint_1 [red_sonja_temple_1, red_sonja_temple_small_1]

Skill      XL: |  1  2  3  4  5  6  7 |
---------------+----------------------+-----
Fighting       | 3 4 6 7 |  7.5
Axes           | 4 6 8 9 10 | 10.6
Dodging        | 4 5 6 7 |  7.7
Throwing       | 3 4 5 |  5.5
Stealth        | 2 3 |  3.4
Evocations     | 1 |  1.1

Action                     |  1- 3 |  4- 6 |  7- 9 || total
---------------------------+-------+-------+-------++-------
  Melee: War axe           |    13 |    12 |    10 ||    35
  Throw: Throwing net      |     3 |     1 |       ||     4
         Large rock        |       |     2 |     1 ||     3
  Evoke: Wand              |     1 |     2 |       ||     3
    Use: Potion            |     1 |     1 |     2 ||     4
   Stab: Held in net/web   |     1 |       |       ||     1
         Paralysed         |       |     2 |       ||     2
         Sleeping          |       |       |     1 ||     1
 Armour: Robe              |     1 |       |     2 ||     3
  Dodge: Dodged            |     2 |     2 |     4 ||     8

Table legend: (Time is in decaauts)
 A = Elapsed time spent in this place.
 B = Non-inter-level travel time spent in this place.
 C = Inter-level travel time spent in this place.
 D = Time resting spent in this place.
 E = Time spent auto-exploring this place.
 F = Levels seen in this place.
 G = Mean time per level.
                   A        B        C        D        E       F      G
               +--------+--------+--------+--------+--------+-----+--------+
         Total |    290 |    234 |     56 |    119 |      0 |   1 |  290.0 |
       Dungeon |    290 |    234 |     56 |    119 |      0 |   1 |  290.0 |
               +--------+--------+--------+--------+--------+-----+--------+

Top non-repeatable levels by time:
       D: 290 daAuts
